Map: 札格納特 - 天梯版

Players

MysteryMan (Rilakkuma) - Winner!

  • Race: Zerg Zerg
  • Spawn Location: 1:00

lemon

  • Race: Zerg Zerg
  • Spawn Location: 7:00

Event: DreamHack SC2 Masters 2020 Winter

VOD

Have the link to the VOD?

Description

Time

  • Played on: Oct. 13, 2020, 8:31 a.m.
  • Length: 12:02

All games in this series

Show
View Real Time Build Order
Export as new Build Order

MysteryMan Zerg - Winner!

Build Orders: Pool First 

Get SALT Encoding   

  12  0:00  Drone  
  13  0:11  Overlord  
  13  0:16  Drone  
  14  0:30  Drone x2  
  14  0:34  Drone  
  17  0:43  Spawning Pool  
  17  0:47  Drone  
  17  1:08  Hatchery  
  17  1:11  Drone  
  17  1:14  Drone  
  17  1:18  Drone  
  19  1:20  Extractor  
  18  1:30  Queen  
  18  1:32  Zergling x2  
  21  1:39  Overlord  
  21  1:49  Drone  
  22  2:00  Drone  
  23  2:05  Queen  
  25  2:11  Drone  
  26  2:19  Queen  
  26  2:20  Drone  
  29  2:23  Drone  
  30  2:32  Drone x2  
  32  2:39  Overlord  
  32  2:41  Drone x2  
  34  2:44  Queen  
  34  2:51  Metabolic Boost  
  35  2:58  Drone  
  35  2:59  Evolution Chamber, Drone  
  35  3:01  Drone  
  35  3:03  Drone  
  38  3:08  Drone  
  38  3:11  Overlord  
  39  3:19  Roach Warren  
  38  3:22  Drone x2  
  38  3:25  Zerg Missile Weapons Level 1  
  40  3:28  Zergling x2  
  40  3:33  Evolution Chamber, Zergling x2  
  40  3:34  Zergling x2  
  42  3:37  Zergling x2  
  43  3:42  Zergling x4  
  43  3:47  Overlord  
  43  3:48  Zergling x4  
  47  3:55  Zergling x6  
  50  4:02  Zergling x2  
  51  4:08  Zergling x8  
  55  4:20  Lair  
  55  4:22  Hatchery, Zergling x2  
  55  4:28  Drone x2  
  57  4:35  Zergling x4  
  57  4:38  Overlord  
  59  4:40  Overlord  
  59  4:44  Extractor  
  59  4:45  Drone x2, Extractor  
  59  4:53  Overlord  
  59  4:56  Drone x3  
  59  4:58  Drone x2  
  63  5:00  Drone  
  64  5:11  Drone x3  
  67  5:18  Overlord  
  67  5:20  Glial Reconstitution  
  67  5:23  Roach  
  69  5:30  Roach x2  
  69  5:33  Roach x2  
  74  5:38  Roach  
  74  5:42  Roach x2  
  71  5:49  Roach x3  
  73  5:57  Drone x3  
  73  5:58  Drone  
  73  5:59  Drone x2  
  73  6:03  Hydralisk Den  
  76  6:04  Drone  
  76  6:09  Drone  
  78  6:13  Drone x4  
  78  6:15  Drone  
  83  6:19  Zerg Ground Armor Level 1  
  83  6:22  Drone x4  
  88  6:25  Drone  
  88  6:29  Extractor  
  87  6:39  Grooved Spines, Overlord  
  87  6:41  Overseer  
  87  6:42  Hydralisk  
  87  6:43  Hydralisk x3  
  95  6:48  Drone x3, Extractor  
  95  6:50  Overlord  
  97  6:59  Roach x4  
  105  7:06  Overlord  
  105  7:09  Spore Crawler, Hydralisk  
  106  7:16  Overlord  
  106  7:19  Overlord x2  
  106  7:29  Overlord  
  106  7:31  Overlord  
  106  7:33  Overlord  
  106  7:35  Overlord  
  106  7:36  Roach x4  
  114  7:45  Roach x5  
  114  7:50  Hydralisk  
  114  7:51  Hydralisk x3  
  129  7:58  Spore Crawler, Roach  
  129  7:59  Roach x2  
  129  8:02  Roach  
  132  8:08  Roach  
  132  8:09  Roach x4  
  136  8:25  Roach x4  
  144  8:33  Spore Crawler  
  140  8:38  Spore Crawler  
  139  8:46  Roach x2  
  139  8:47  Drone x3  
  146  8:54  Overlord  
  146  8:55  Overlord  
  146  8:58  Overlord  
  146  8:59  Zerg Missile Weapons Level 2  
  140  9:16  Roach x9  
  136  9:25  Roach x4  
  122  9:33  Roach x3  
  108  9:51  Roach x6  
  98  9:57  Roach x2  
  98  10:05  Roach x3  
  104  10:11  Roach x2  
  108  10:16  Roach x2  
  108  10:20  Ravager  
  108  10:21  Ravager x2  
  115  10:24  Roach x2  
  115  10:26  Overlord  
  121  10:35  Roach  
  121  10:36  Roach x3  
  131  10:42  Roach  
  131  10:43  Roach  
  106  10:59  Roach x6  
  110  11:05  Roach x3  
  110  11:12  Roach x3  
  98  11:26  Roach x4  
  98  11:27  Roach  
  106  11:34  Roach x3  
  106  11:38  Roach  
Show
View Real Time Build Order
Export as new Build Order

lemon Zerg 

Build Orders: Hatch First 

Get SALT Encoding   

  12  0:00  Drone  
  13  0:12  Overlord  
  13  0:18  Drone  
  14  0:31  Drone x2  
  16  0:48  Hatchery  
  15  0:51  Drone  
  15  0:54  Drone  
  17  1:09  Spawning Pool  
  17  1:11  Extractor  
  15  1:14  Drone  
  15  1:17  Drone  
  17  1:20  Drone  
  18  1:30  Drone  
  19  1:44  Overlord  
  19  1:59  Queen  
  19  2:00  Zergling x6  
  24  2:01  Queen  
  26  2:12  Drone x2  
  28  2:25  Drone x2  
  30  2:34  Drone x2  
  32  2:47  Drone  
  32  2:48  Drone  
  32  3:00  Overlord  
  32  3:01  Evolution Chamber  
  32  3:03  Drone, Hatchery  
  31  3:07  Drone x2  
  31  3:10  Drone x2  
  31  3:11  Drone  
  36  3:14  Overlord  
  36  3:19  Drone  
  37  3:22  Drone  
  37  3:23  Drone x2  
  37  3:26  Zerg Missile Weapons Level 1  
  40  3:32  Roach Warren  
  39  3:34  Drone  
  39  3:35  Drone  
  41  3:42  Lair  
  41  3:44  Drone  
  41  3:45  Drone  
  41  3:46  Drone  
  41  3:48  Drone  
  45  3:50  Drone  
  45  3:51  Drone  
  45  3:54  Overlord  
  47  3:58  Drone  
  47  4:01  Drone  
  48  4:07  Drone  
  49  4:13  Drone, Extractor  
  49  4:14  Extractor  
  47  4:17  Drone x7  
  56  4:27  Extractor  
  56  4:28  Roach x2  
  56  4:31  Evolution Chamber  
  60  4:38  Roach  
  60  4:39  Evolution Chamber x3  
  60  4:40  Roach  
  60  4:41  Roach x2  
  61  5:00  Spire  
  61  5:01  Overlord  
  61  5:02  Overlord  
  60  5:12  Overlord  
  60  5:19  Queen, Overlord x2  
  60  5:20  Overlord x2  
  62  5:23  Roach x3  
  68  5:33  Evolution Chamber  
  68  5:34  Roach x4  
  65  5:54  Hatchery  
  64  6:07  Drone x10  
  64  6:09  Overseer  
  74  6:15  Queen  
  76  6:22  Mutalisk x2  
  80  6:27  Mutalisk x4  
  88  6:36  Mutalisk  
  90  6:42  Mutalisk  
  92  6:47  Drone  
  92  6:48  Drone x3  
  96  6:54  Extractor  
  96  6:55  Drone  
  96  6:56  Extractor  
  95  7:04  Overlord x2  
  95  7:07  Zerg Missile Weapons Level 2, Glial Reconstitution  
  95  7:15  Drone  
  95  7:16  Drone x6  
  95  7:22  Overlord x2  
  102  7:31  Zerg Ground Armor Level 1  
  102  7:32  Drone  
  102  7:33  Drone  
  102  7:35  Overlord  
  104  7:37  Roach  
  104  7:38  Roach x2  
  110  7:50  Roach x7  
  124  8:05  Roach x3  
  130  8:10  Hatchery  
  129  8:13  Roach x8  
  143  8:20  Roach  
  143  8:35  Roach x2  
  143  8:36  Overlord x4  
  143  8:38  Ravager  
  146  8:45  Roach  
  146  8:49  Overlord x4  
  146  8:50  Overlord x2  
  146  8:54  Roach  
  146  8:55  Roach x2  
  152  8:59  Ravager x2  
  152  9:00  Ravager x2  
  152  9:01  Ravager  
  153  9:04  Roach x3  
  142  9:12  Roach x8  
  143  9:17  Roach  
  143  9:19  Roach  
  143  9:22  Roach  
  124  9:25  Roach x3  
  124  9:29  Roach  
  107  9:32  Roach  
  107  9:35  Roach  
  92  9:40  Roach x2  
  83  9:46  Roach  
  83  9:50  Roach  
  76  9:53  Roach x2  
  76  9:57  Drone  
  76  9:59  Drone  
  82  10:02  Drone  
  82  10:07  Roach x2  
  85  10:09  Ravager  
  85  10:10  Ravager  
  85  10:11  Ravager  
  85  10:12  Ravager  
  91  10:17  Ravager  
  91  10:18  Ravager  
  91  10:19  Ravager  
  94  10:22  Roach  
  94  10:23  Roach x2  
  94  10:26  Roach  
  94  10:28  Roach  
  104  10:33  Roach  
  106  10:43  Roach  
  106  10:48  Roach x2  
  110  10:53  Roach  
  110  10:54  Roach  
  110  10:56  Roach  
  96  11:03  Roach  
  96  11:04  Roach x2  
  83  11:08  Roach  
  85  11:11  Roach  
  83  11:22  Roach x6  
  83  11:25  Roach  
  83  11:27  Roach  
  83  11:30  Roach  
  75  11:33  Roach  
  75  11:36  Roach  
  75  11:37  Roach  
Tags
 
Add a new tag
Caveats
  • Supply blocks, unpowered buildings, or Contaminate may cause inaccurate times.
  • Supply counts are checked every 10 seconds.